 Dungeon Crawl Stone Soup version 0.28-a0-816-gb054d885db (webtiles) character file.

Game seed: 5741682937300735836

513 croobank the Insei (level 7, 0/44 HPs)
             Began as an Octopode Transmuter on Nov 8, 2021.
             Was an Initiate of Cheibriados.
             Succumbed to avis's ghost's poison
             ... on level 3 of the Dungeon.
             The game lasted 00:22:36 (3068 turns).

croobank the Insei (Octopode Transmuter)            Turns: 3068, Time: 00:22:37

Health: 0/44       AC:  1    Str: 12      XL:     7   Next: 20%
Magic:  9/10       EV: 14    Int: 15 (16) God:    Cheibriados [......]
Gold:   153        SH:  0    Dex: 14      Spells: 3/10 levels left

rFire   + . .      SeeInvis .     - Unarmed
rCold   + . .      Faith    .   (no shield)
rNeg    . . .      Spirit   .   (helmet restricted)
rPois   +          Reflect  .   (no amulet)
rElec   +          Harm     .   (no ring)
rCorr   +          Rampage  .   (no ring)
Will    .....                   (no ring)
Stlth   ++++......              (no ring)
HPRegen 0.14/turn               (no ring)
MPRegen 0.12/turn               (no ring)
                                (no ring)
                                (no ring)

@: lethally poisoned (0 -> -2), resistant, wereblooded (expiring), on berserk
cooldown, very slightly contaminated, slowed, invisible (expiring), very slow
A: almost no armour, amphibious, 8 rings, camouflage 1, gelatinous body 1,
(nimble swimmer 1), tentacles
a: Renounce Religion, Bend Time


You were on level 3 of the Dungeon.
You worshipped Cheibriados.
Cheibriados was noncommittal.
You visited 1 branch of the dungeon, and saw 3 of its levels.

You collected 153 gold pieces.

Inventory:

Hand Weapons
 b - a +0 war axe
 c - a +0 dagger of protection
 e - a +0 dagger
 j - a +0 short sword
Missiles
 a - 3 boomerangs (quivered)
 d - 6 stones
 f - 14 bolts
 l - 2 atropa-tipped darts
Potions
 n - a potion of mutation {unknown}


   Skills:
 + Level 1.7 Fighting
 + Level 0.8 Throwing
 + Level 3.5 Dodging
 + Level 5.0 Stealth
 + Level 5.4 Unarmed Combat
 + Level 2.4 Spellcasting
 + Level 2.7 Transmutations


You had 3 spell levels left.
You knew the following spells:

 Your Spells              Type           Power      Damage    Failure   Level
a - Beastly Appendage     Tmut           20%        N/A       7%          1
b - Wereblood             Tmut           10%        N/A       11%         2
c - Poisonous Vapours     Pois/Air       2%         N/A       32%         2
d - Corpse Rot            Necr/Air       2%         N/A       32%         2

Your spell library contained the following spells:

 Spells                   Type           Power      Damage    Failure   Level
 Spider Form              Tmut/Pois      5%         N/A       36%         3
 Ignite Poison            Fire/Tmut/Pois 4%         N/A       41%         3
 Conjure Flame            Conj/Fire      1%         6-21      54%         3
 Ice Form                 Ice/Tmut       5%         N/A       77%         4
 Sticky Flame             Conj/Fire      1%         2d3       91%         4
 Malign Gateway           Summ/Tloc      0%         N/A       100%        7
 Summon Horrible Things   Summ           0%         N/A       100%        8


Dungeon Overview and Level Annotations

Branches:
Dungeon (3/15)

Altars:
Cheibriados
Xom

Shops:
D:2 *


Innate Abilities, Weirdness & Mutations

You cannot wear most types of armour.
You are amphibious.
You can wear up to eight rings at the same time.
Your skin changes colour to match your surroundings (Stealth+).
Your rubbery body absorbs attacks. (AC +1, EV +1)
((You are camouflaged near water. (Stealth+)))
You have tentacles for arms and can constrict up to eight enemies at once.


Message History

You bludgeon avis's ghost! You squeeze avis's ghost.
You feel a bit better.
You destroy avis's ghost!
Cheibriados appreciates the change of pace.
* * * LOW HITPOINT WARNING * * *
You feel sick.
You feel your dexterity returning.
Your Stealth skill increases to level 5!
You have reached level 7!
You are too berserk!
* * * LOW HITPOINT WARNING * * *
You feel very sick.
Okay, then.
You are too berserk!
You are too berserk!
Don't expect to remain undetected while in the water.
You feel a strong urge to attack something.
You flicker for a moment.
* * * LOW HITPOINT WARNING * * *
You feel very sick.
* * * LOW HITPOINT WARNING * * *
You feel sick. The hobgoblin misses you. The hobgoblin hits you.
* * * LOW HITPOINT WARNING * * *
There is an open translucent door here.
You strike the helpless hobgoblin from behind!
You bludgeon the hobgoblin!
You feel a bit better.
You kill the hobgoblin!
Cheibriados appreciates the change of pace.
* * * LOW HITPOINT WARNING * * *
You feel sick.
Your primal bloodlust is almost over.
* * * LOW HITPOINT WARNING * * *
You feel sick.
You see here a hobgoblin corpse.
Okay, then.
You are too berserk!
You feel a strong urge to attack something.
You are no longer berserk.
You are exhausted.
You feel yourself slow down.
You die...

##...............###.......##.#.
#..................###....##.##
#..................# #....##...
########....###....# #...###...
#....# #....###...###...
#....####..........##...
#######.................
#...........#+.####.#
#...@.......#..#.[... #######
#.##'##.....#'.#..... #.....#
#.#.≈.#........#..... #.....#
#.#.≈.#...#....^..._.
#.....#####.#.≈.#...#....#.....
#...........#.≈.#...#....#.....
#...........#.?.#..##....#.....
#........†÷.#####..##....######
####...............#####.......


There were no monsters in sight!

Vanquished Creatures
  Grinder (D:3)
  The ghost of avis the Insei, an amateur OpTm (D:3)
  4 crimson imps (D:3)
  2 adders
  A dart slug (D:1)
  7 ball pythons
  7 endoplasms
  2 giant cockroaches (D:2)
  4 goblins (D:1)
  5 hobgoblins
  A quokka (D:3)
  8 bats
  3 frilled lizards
  6 kobolds
  4 rats
56 creatures vanquished.

Notes
Turn   | Place    | Note
-------+----------+-------------------------------------------
     0 | D:1      | croobank the Octopode Transmuter began the quest for the
                  | Orb.
     0 | D:1      | Reached XP level 1. HP: 13/13 MP: 3/3
   262 | D:1      | Reached XP level 2. HP: 14/18 MP: 5/5
   268 | D:1      | Learned a level 2 spell: Wereblood
   780 | D:2      | Found Egats's Assorted Antiques.
   794 | D:2      | Reached XP level 3. HP: 18/23 MP: 3/6
   969 | D:2      | Found a faded altar of an unknown god.
  1219 | D:2      | Reached skill level 1 in Stealth
  1386 | D:3      | Found a shimmering altar of Xom.
  1425 | D:3      | Reached XP level 4. HP: 27/28 MP: 7/7
  1972 | D:3      | Reached XP level 5. HP: 5/33 MP: 5/8
  2439 | D:3      | Learned a level 2 spell: Poisonous Vapours
  2442 | D:3      | Learned a level 2 spell: Corpse Rot
  2549 | D:3      | Found a runed translucent door.
  2554 | D:3      | Noticed avis's ghost (amateur OpTm)
  2563 | D:3      | Noticed Grinder
  2576 | D:3      | Killed Grinder
  2577 | D:3      | Reached skill level 5 in Unarmed Combat
  2577 | D:3      | Reached XP level 6. HP: 16/38 MP: 7/9
  2841 | D:3      | Found a snail-covered altar of Cheibriados.
  2870 | D:3      | Became a worshipper of Cheibriados the Contemplative
  3062 | D:3      | Killed avis's ghost
  3063 | D:3      | Reached skill level 5 in Stealth
  3063 | D:3      | Reached XP level 7. HP: 8/44 MP: 8/10
  3064 | D:3      | HP: 3/66 [poisoned by avis's ghost]
  3065 | D:3      | HP: 1/66 [hobgoblin (1)]
  3068 | D:3      | Succumbed to avis's ghost's poison

Illustrated notes

Levels and vault maps discovered:
D:1:      dpeg_arrival_three_bigger_balls, layout_rooms
D:2:      layout_rooms, basic_ecumenical_altar, serial_shops, nicolae_shop_trees
D:3:      layout_basic, led_xom_imps, lemuel_tele_altar,
          ebering_ghost_reflecting_pool, uniq_grinder

Skill      XL: |  1  2  3  4  5  6 |
---------------+-------------------+-----
Stealth        | 2 4 5 |  5.0
Unarmed Combat | 4 5 |  5.4
Dodging        | 3 |  3.5
Fighting       | |  1.7
Throwing       | |  0.8
Spellcasting   | |  2.4
Transmutations | |  2.7

Action                   |  1- 3 |  4- 6 |  7- 9 || total
-------------------------+-------+-------+-------++-------
Melee: Unarmed           |    79 |    57 |     1 ||   137
       Constrict         |    23 |     9 |       ||    32
       Tentacles         |    13 |    11 |       ||    24
       Kick              |     1 |       |       ||     1
       Punch             |     3 |     4 |       ||     7
Throw: Dart              |       |     2 |       ||     2
 Cast: Beastly Appendage |     2 |       |       ||     2
       Wereblood         |     2 |     3 |       ||     5
  Use: Scroll            |     1 |     1 |       ||     2
       Potion            |       |     8 |       ||     8
 Stab: Sleeping          |     8 |     1 |       ||     9
       Invisible         |       |       |     1 ||     1
Armor: Skin              |    10 |    15 |       ||    25
Dodge: Dodged            |    52 |    54 |     1 ||   107

Table legend: (Time is in decaauts)
 A = Elapsed time spent in this place.
 B = Non-inter-level travel time spent in this place.
 C = Inter-level travel time spent in this place.
 D = Time resting spent in this place.
 E = Time spent auto-exploring this place.
 F = Levels seen in this place.
 G = Mean time per level.
                   A        B        C        D        E       F      G
               +--------+--------+--------+--------+--------+-----+--------+
         Total |   3108 |   3082 |     26 |    694 |   1738 |   3 | 1036.0 |
       Dungeon |   3108 |   3082 |     26 |    694 |   1738 |   3 | 1036.0 |
               +--------+--------+--------+--------+--------+-----+--------+

Top non-repeatable levels by time:
     D:3: 1369 daAuts
     D:2: 961 daAuts
     D:1: 776 daAuts
